 Dungeon Crawl Stone Soup version 0.29.1-15-g9cfb28693d (webtiles) character file.

Game seed: 15160004162931277309

352009 cdecastro the Rapturous (level 22, -6/209 HPs)
             Began as a Hill Orc Fighter on Feb 24, 2023.
             Was a Believer of Uskayaw.
             Mangled by a vault warden
             ... wielding a +2 halberd of protection
              (30 damage)
             ... on level 4 of the Vaults on Mar 1, 2023.
             The game lasted 05:17:16 (97706 turns).

cdecastro the Rapturous (Hill Orc Fighter)         Turns: 97706, Time: 05:17:17

Health: -6/209     AC: 28    Str: 21    XL:     22   Next: 24%
Magic:  15/15      EV: 16    Int: 10    God:    Uskayaw [**....]
Gold:   91         SH:  0    Dex: 18    Spells: 21/21 levels left

rFire   + . .      SeeInvis +   b - +9 double sword (antimagic)
rCold   + . .      Faith    +   (no shield)
rNeg    + . .      Spirit   .   X - +8 chain mail "Ytrorghei" {rPois Will+ Dex-4 SInv}
rPois   +          Reflect  .   c - +2 hat
rElec   .          Harm     .   L - scarf {rC+ rF+}
rCorr   .          Rampage  .   g - +2 pair of gloves {hurl}
Will    ++...                   w - +0 pair of boots of the Songs {+Inv MP+9 Int+2 Dex+4}
Stlth   ..........              t - amulet of faith
HPRegen 0.44/turn               P - +4 ring of evasion
MPRegen 0.14/turn               r - ring of Xom's Ringing Laughter {Wiz rN+ Str-5 Dex+4 Slay+3}

@: no status effects
A: see invisible
}: 2/15 runes: serpentine, barnacled
a: Renounce Religion, Evoke Invisibility, Stomp, Line Pass


You were on level 4 of the Vaults.
You worshipped Uskayaw.
Uskayaw was greatly pleased with you.
You visited 8 branches of the dungeon, and saw 37 of its levels.
You visited 1 bazaar.
You also visited: Sewer, Bailey, Gauntlet and Ice Cave.

You collected 5331 gold pieces.
You spent 5240 gold pieces at shops.

Inventory:

Hand Weapons
 a - the +8 dagger "Globulus" {flame, Will+ Dex+3}
   (You found it on level 2 of the Dungeon)

   It burns those it strikes, dealing additional fire damage.
   Dex:       It affects your dexterity (+3).
   Will:      It increases your willpower.
 b - a +9 antimagic double sword (weapon)
Missiles
 n - 37 boomerangs (quivered)
 v - 7 curare-tipped darts
 C - a silver boomerang
 G - 29 javelins
 H - 4 throwing nets
 M - 5 boomerangs of dispersal
 Y - 4 silver javelins
Armour
 c - a +2 hat (worn)
 g - a +2 pair of gloves of hurling (worn)
 w - the +0 pair of boots of the Songs (worn) {+Inv MP+9 Int+2 Dex+4}
   (You bought it in a shop on level 2 of the Orcish Mines)

   Int:       It affects your intelligence (+2).
   Dex:       It affects your dexterity (+4).
   MP:        It affects your magic capacity (+9).
   +Inv:      It lets you turn invisible.
 I - a +2 kite shield of protection
 L - a scarf of resistance (worn)
 X - the +8 chain mail "Ytrorghei" (worn) {rPois Will+ Dex-4 SInv}
   (You found it on level 3 of the Snake Pit)

   Dex:       It affects your dexterity (-4).
   rPois:     It protects you from poison.
   SInv:      It lets you see invisible.
   Will:      It increases your willpower.
Jewellery
 h - the ring of Berru Zeq {rN+ rCorr Dex-3 SInv}
   (You bought it in a shop on level 2 of the Snake Pit)

   [ring of see invisible]

   Dex:       It affects your dexterity (-3).
   rN:        It protects you from negative energy.
   SInv:      It lets you see invisible.
   rCorr:     It protects you from acid and corrosion.
 m - the ring of Fetietwo {Wiz Will+}
   (You found it on level 1 of the Lair of Beasts)

   [ring of wizardry]

   It improves your spell success rate.
   Will:      It increases your willpower.
 r - the ring of Xom's Ringing Laughter (right hand) {Wiz rN+ Str-5 Dex+4 Slay+3}
   (You found it in an ice cave)

   [ring of wizardry]

   It improves your spell success rate.
   Str:       It affects your strength (-5).
   Dex:       It affects your dexterity (+4).
   Slay:      It affects your accuracy & damage with ranged weapons and melee
   (+3).
   rN:        It protects you from negative energy.
 t - an amulet of faith (around neck)
 P - a +4 ring of evasion (left hand)
 W - the ring "Culaec" {Fly rElec rC+ Dex+4}
   (You bought it in a shop on level 2 of the Shoals)

   [ring of protection from cold]

   Dex:       It affects your dexterity (+4).
   rC:        It protects you from cold.
   rElec:     It insulates you from electricity.
   Fly:       It grants you flight.
Wands
 f - a wand of acid (17)
 x - a wand of mindburst (29)
 E - a wand of roots (25)
Scrolls
 j - a scroll of amnesia
 l - 9 scrolls of teleportation
 o - 8 scrolls of immolation
 p - 4 scrolls of butterflies
 y - 11 scrolls of poison
 z - 3 scrolls of silence
 A - 7 scrolls of blinking
 B - a scroll of fear
 K - 4 scrolls of magic mapping
 T - a scroll of torment
Potions
 d - 7 potions of attraction
 e - 7 potions of resistance
 i - 28 potions of curing
 k - 3 potions of magic
 s - 7 potions of haste
 D - 3 potions of lignification
 N - a potion of flight
 O - a potion of berserk rage
 Q - 8 potions of heal wounds
 S - a potion of invisibility
 U - a potion of cancellation
 Z - 3 potions of might
Miscellaneous
 q - a lightning rod (4/4)
 u - a box of beasts
 F - a phial of floods
 R - a phantom mirror


   Skills:
 - Level 20.0 Fighting
 - Level 21.0 Short Blades
 - Level 10.0 Axes
 - Level 14.0 Throwing
 - Level 14.0 Armour
 - Level 8.0 Dodging
 - Level 5.0 Stealth
 + Level 13.5 Shields
 - Level 22.0 Invocations


You had 21 spell levels left.
You didn't know any spells.
Your spell library contained the following spells:

 Spells                   Type           Power      Damage    Failure   Level
 Beastly Appendage        Tmut           0%         N/A       58%         1
 Magic Dart               Conj           0%         1d3       58%         1
 Necrotise                Necr           0%         1d4       58%         1
 Sandblast                Erth           0%         2d4       58%         1
 Shock                    Conj/Air       0%         1d3       58%         1
 Summon Small Mammal      Summ           0%         N/A       58%         1
 Blink                    Tloc           0%         N/A       73%         2
 Call Imp                 Summ           0%         N/A       73%         2
 Ensorcelled Hibernation  Hex/Ice        0%         N/A       73%         2
 Passwall                 Tmut/Erth      0%         N/A       73%         2
 Searing Ray              Conj           0%         2d4       73%         2
 Static Discharge         Conj/Air       0%         3-3/arc   73%         2
 Wereblood                Tmut           0%         N/A       73%         2
 Call Canine Familiar     Summ           0%         N/A       91%         3
 Dazzling Flash           Conj/Hex       0%         N/A       91%         3
 Gell's Gravitas          Tloc           0%         N/A       91%         3
 Inner Flame              Hex/Fire       0%         N/A       91%         3
 Lesser Beckoning         Tloc           0%         N/A       91%         3
 Mephitic Cloud           Conj/Pois/Air  0%         N/A       91%         3
 Ozocubu's Armour         Ice            0%         N/A       91%         3
 Portal Projectile        Hex/Tloc       0%         N/A       91%         3
 Spider Form              Tmut/Pois      0%         N/A       91%         3
 Stone Arrow              Conj/Erth      0%         3d7       91%         3
 Summon Guardian Golem    Hex/Summ       0%         N/A       91%         3
 Swiftness                Air            0%         N/A       91%         3
 Teleport Other           Tloc           0%         N/A       91%         3
 Vampiric Draining        Necr           0%         2d6       91%         3
 Airstrike                Air            0%         2d(0-16)  100%        4
 Anguish                  Hex/Necr       0%         N/A       100%        4
 Cause Fear               Hex            0%         N/A       100%        4
 Dispel Undead            Necr           0%         3d6       100%        4
 Fulminant Prism          Conj/Hex       0%         3d6       100%        4
 Ice Form                 Ice/Tmut       0%         N/A       100%        4
 Iskenderun's Mystic Bla  Conj/Tloc      0%         2d3       100%        4
 Leda's Liquefaction      Hex/Erth       0%         N/A       100%        4
 Petrify                  Tmut/Erth      0%         N/A       100%        4
 Sticky Flame             Conj/Fire      0%         2d3       100%        4
 Summon Ice Beast         Ice/Summ       0%         N/A       100%        4
 Agony                    Necr           0%         N/A       100%        5
 Fireball                 Conj/Fire      0%         3d3       100%        5
 Iskenderun's Battlesphe  Conj           0%         2d6       100%        5
 Lee's Rapid Deconstruct  Erth           0%         3d5*      100%        5
 Manifold Assault         Tloc           0%         N/A       100%        5
 Metabolic Englaciation   Hex/Ice        0%         N/A       100%        5
 Conjure Ball Lightning   Conj/Air       0%         3x3d6     100%        6
 Dispersal                Tloc           0%         N/A       100%        6
 Simulacrum               Ice/Necr       0%         N/A       100%        6
 Starburst                Conj/Fire      0%         6d3       100%        6
 Statue Form              Tmut/Erth      0%         N/A       100%        6
 Orb of Destruction       Conj           0%         9d5       100%        7
 Storm Form               Tmut/Air       0%         N/A       100%        7
 Discord                  Hex            0%         N/A       100%        8
 Disjunction              Tloc           0%         N/A       100%        8
 Ignition                 Fire           0%         3d3       100%        8
 Chain Lightning          Conj/Air       0%         N/A       100%        9
 Fire Storm               Conj/Fire      0%         5d1       100%        9
 Shatter                  Erth           0%         3d5*      100%        9


Dungeon Overview and Level Annotations

Branches:
Dungeon (15/15)            Temple (1/1) D:7            Lair (5/5) D:8
 Shoals (4/4) Lair:2        Snake (4/4) Lair:3        Slime (0/5) Lair:4
    Orc (2/2) D:9             Elf (0/3) Orc:2        Vaults (4/5) D:13
  Crypt (0/3) Vaults:3     Depths (2/4) D:15          Sewer (visited)
 Bailey (visited)           IceCv (visited)         Gauntlet (visited)

Altars:
Ashenzari
Cheibriados
Dithmenos
Elyvilon
Fedhas
Gozag
Hepliaklqana
Kikubaaqudgha
Makhleb
Nemelex Xobeh
Okawaru
Qazlal
Ru
Sif Muna
Trog
Uskayaw
Vehumet
Wu Jian
Xom
Yredelemnul
Zin
The Shining One
Beogh
Jiyva
Lugonu

Shops:
D:3 (   D:7 !   D:9 **   Orc:2 [[(!   Shoals:2 *=((?   Snake:1 *   Snake:2 :==
Snake:3 *[   Vaults:4 (   Depths:1 *

Portals:
Hell: Depths:1 Depths:2
Abyss: Lair:5 Depths:2
Pandemonium: Depths:2

Annotations:
D:12 Rupert


Innate Abilities, Weirdness & Mutations

You have supernaturally acute eyesight. (SInv)


Message History

You barely miss the vault warden.
The vault warden is moderately wounded.
The yaktaur misses you.
The vault warden hits you with a +2 halberd of protection.
* * * LOW HITPOINT WARNING * * *
Unknown command.
You hit the vault warden.
The vault warden's magic leaks into the air.
The vault warden is heavily wounded.
The vault warden's magic is no longer disrupted.
The yaktaur hits you but does no damage.
The vault warden hits you with a +2 halberd of protection!
* * * LOW HITPOINT WARNING * * *
You hit the vault warden but do no damage.
You punch the vault warden, but do no damage.
The vault warden is moderately wounded.
The yaktaur misses you.
The vault warden hits you with a +2 halberd of protection!
* * * LOW HITPOINT WARNING * * *
Unknown command.
You hit the vault warden.
The vault warden's magic leaks into the air.
The vault warden is heavily wounded.
Unknown command.
You barely miss the vault warden.
The vault warden is heavily wounded.
The yaktaur hits you but does no damage.
The vault warden hits you with a +2 halberd of protection!
* * * LOW HITPOINT WARNING * * *
Unknown command.
You slice the vault warden!!
The vault warden's magic leaks into the air.
The vault warden is severely wounded.
The yaktaur closely misses you.
The vault warden hits you with a +2 halberd of protection!
* * * LOW HITPOINT WARNING * * *
Unknown command.
You feel much better. The yaktaur completely misses you.
The vault warden hits you with a +2 halberd of protection!!
You die...

#######....###########....
...........)..............
..........................
..........................
..........................
#####.....................
#...##########........
#...#........#........
#...#.......@#........
#...#......cp#.....c..
#...#...††[†.+........
#...#...†)...#........
#...#........#........
##########........
......... .........
Y.Y.......


You could see a vault warden (magic disrupted) and a yaktaur.

Vanquished Creatures
  Vashnia (Snake:3)
  A bone dragon (Depths:2)
  Zenata (Vaults:3)
  A titan (Depths:2)
  A sphinx (Vaults:2)
  A tengu reaver (Vaults:3)
  Ilsuiw (Shoals:2)
  5 vault wardens
  Aizul (Vaults:2)
  4 nagarajas (Snake:4)
  4 frost giants
  An orc warlord (Vaults:2)
  2 fire giants (Depths:1)
  An iron dragon (Depths:2)
  Louise (Shoals:3)
  A balrug (Depths:1)
  15 ironbound preservers
  3 war gargoyles
  3 ironbound thunderhulks
  7 stone giants
  14 very ugly things
  2 vampire knights (Depths:1)
  A white draconian (IceCv)
  2 spark wasps (D:15)
  A minotaur (Gauntlet)
  4 ettins
  10 dire elephants
  Azrael (D:12)
  A blizzard demon (Depths:2)
  2 crystal guardians
  Snorg (D:9)
  The ghost of AverageBear the Cleaver, a journeyman DsFi of Gozag (Orc:2)
  3 merfolk impalers
  6 merfolk javelineers
  5 great orbs of eyes
  7 yaktaur captains
  3 rakshasas
  5 ice dragons
  3 salamander tyrants
  3 vault guards (Vaults:4)
  2 spriggan air magi (Depths:1)
  4 boulder beetles
  6 hydras
  A hell beast (Depths:2)
  3 merfolk avatars
  A catoblepas (D:14)
  3 peacekeepers
  7 ironbound frosthearts
  15 anacondas
  8 two-headed ogres
  3 death knights
  14 naga warriors
  4 satyrs
  34 centaur warriors
  2 merfolk aquamancers
  4 alligator snapping turtles
  3 deep troll shamans
  4 tengu warriors
  15 naga sharpshooters
  A titan zombie (D:15)
  2 hell hogs (Depths:1)
  3 deep troll earth magi
  A sun demon (Depths:1)
  A spriggan berserker (Depths:1)
  3 thrashing horrors (Lair:5)
  7 shock serpents
  A soul eater (Depths:1)
  13 hell knights
  A skeletal warrior (D:15)
  A golden dragon zombie (D:15)
  5 salamander mystics
  53 deep trolls
  An iron troll (Depths:1)
  A spark wasp zombie (D:15)
  A tengu zombie (Vaults:2)
  A deep troll (shapeshifter) (Lair:5)
  12 sea snakes
  3 glowing orange brains
  8 wizards
  3 phantasmal warriors
  13 naga ritualists
  6 ironbound convokers
  8 lindwurms
  4 deep elf pyromancers
  An iron dragon zombie (D:15)
  28 harpies
  3 necromancers
  27 mana vipers
  The ghost of booth the Chopper, a novice DsGl of Okawaru (D:7)
  8 orc knights
  30 ugly things
  An oklob plant (Lair:1)
  A tengu skeleton (Depths:2)
  18 cyclopes
  A sphinx skeleton (Depths:2)
  11 salamanders
  20 manticores
  2 orc sorcerers (Orc:1)
  A moth of wrath (shapeshifter) (D:13)
  A moth of wrath (Orc:2)
  9 merfolk sirens
  21 fauns
  10 elephants
  2 ice statues (IceCv)
  41 black mambas
  9 naga magi
  A smoke demon (Lair:5)
  7 water nymphs
  17 vault sentinels
  7 guardian serpents
  3 gargoyles
  6 cane toads
  2 unseen horrors
  2 kobold demonologists
  6 rime drakes
  20 yaktaurs
  A freezing wraith (Vaults:3)
  An elf skeleton (Vaults:2)
  A guardian mummy (D:15)
  5 efreet
  7 komodo dragons
  2 yaktaurs (shapeshifter)
  4 ancient zymes (Lair:5)
  A queen bee (Lair:2)
  The ghost of Ee the Conjurer, an amateur OgCj of Vehumet (D:5)
  31 merfolk
  A shadow dragon simulacrum (Vaults:2)
  A polar bear (Lair:1)
  4 wind drakes
  A tengu simulacrum (Depths:2)
  14 trolls
  2 meliai (Gauntlet)
  A hornet (D:8)
  8 snapping turtles
  37 slime creatures
  10 blink frogs (Lair:5)
  A ynoxinul (Lair:5)
  A centaur simulacrum (D:14)
  3 spriggans
  Sigmund (D:2)
  2 shadows
  3 wyverns
  6 water elementals
  2 wraiths
  5 fire elementals
  A human (shapeshifter) (D:13)
  45 yaks
  4 basilisks
  7 humans (Bailey)
  9 small abominations (Lair:5)
  2 golden eyes (shapeshifter) (Lair:5)
  A chaos spawn (Lair:5)
  3 steam dragons
  A redback (shapeshifter) (D:12)
  4 wargs
  Menkaure (D:4)
  31 nagas
  9 vampire mosquitoes
  8 water moccasins
  2 swamp worms (Gauntlet)
  Duvessa (D:7)
  2 acid dragons
  A hell hound (D:12)
  37 orc warriors
  2 black bears
  An ice beast (D:5)
  12 ogres
  10 wolves
  A boggart (Vaults:3)
  9 centaurs
  A phantom (D:6)
  5 kobold brigands
  Blork the orc (D:4)
  18 bullfrogs
  4 necrophages
  A gnoll sergeant (D:8)
  2 scorpions (D:6)
  4 wights (D:5)
  Dowan (D:7)
  35 killer bees
  6 howler monkeys
  5 electric eels
  A human zombie (D:5)
  6 hounds
  5 komodo dragon simulacra (IceCv)
  3 jellies
  Crazy Yiuf (D:7)
  A gnoll bouda (Orc:2)
  11 orc priests
  Ijyb (D:4)
  4 iguanas
  2 scorpion zombies (D:5)
  16 orc wizards
  5 hell rats (Lair:4)
  2 mummies (D:5)
  12 gnolls
  12 adders
  A river rat (D:5)
  8 acid dragon simulacra (IceCv)
  2 shadow imps
  15 white imps
  8 steam dragon simulacra (IceCv)
  A worm (D:4)
  The ghost of croobank the Sneak, a weakling OpDe (D:4)
  5 dart slugs
  76 orcs
  19 ball pythons
  3 bats
  17 endoplasms
  14 giant cockroaches
  10 goblins
  7 hobgoblins
  4 jackals
  14 quokkas
  11 frilled lizards
  16 kobolds
  6 rats
  A bush (Lair:1)
  A tentacle (Shoals:4)
1499 creatures vanquished.

Vanquished Creatures (others)
  A centaur warrior (Vaults:4)
  An ugly thing (D:13)
  A naga (Snake:4)
  An orc wizard (D:13)
  7 fungi
  166 plants
  5 tentacles (Shoals:4)
  7 withered plants (D:15)
189 creatures vanquished.

Grand Total: 1688 creatures vanquished

Notes
Turn   | Place    | Note
-------+----------+-------------------------------------------
     0 | D:1      | cdecastro the Hill Orc Fighter began the quest for the Orb.
     0 | D:1      | Reached XP level 1. HP: 19/19 MP: 1/1
   147 | D:1      | Reached XP level 2. HP: 26/26 MP: 2/2
   718 | D:2      | Reached XP level 3. HP: 29/31 MP: 3/3
   832 | D:2      | Reached skill level 5 in Axes
   914 | D:2      | Identified the ring of Tenibb {Contam rPois AC+4 Str-3
                  | Dex+9}
  1093 | D:2      | You fall into a shaft and drop 1 floor!
  1144 | D:3      | Reached XP level 4. HP: 26/39 MP: 4/4
  1522 | D:2      | Identified the +8 dagger "Globulus" {flame, Will+ Dex+3}
  1659 | D:2      | Noticed Sigmund
  1965 | D:3      | Found Ocudec's Antique Weapon Boutique.
  2061 | D:4      | Reached skill level 1 in Short Blades
  2302 | D:4      | Reached XP level 5. HP: 26/45 MP: 5/5
  2391 | D:4      | Reached XP level 6. HP: 34/51 MP: 6/6
  2614 | D:4      | Noticed Ijyb
  2631 | D:4      | Killed Ijyb
  2648 | D:4      | Noticed Blork the orc
  2656 | D:4      | Killed Blork the orc
  2833 | D:4      | Noticed a black bear
  2840 | D:4      | Killed a black bear
  2841 | D:4      | Reached skill level 5 in Short Blades
  2902 | D:4      | Found a runed translucent gate.
  2902 | D:4      | Found an opulent altar of Gozag.
  2902 | D:4      | Found a runed translucent gate.
  2903 | D:4      | Found a runed translucent gate.
  2925 | D:4      | Reached XP level 7. HP: 51/57 MP: 7/7
  3001 | D:4      | Noticed croobank's ghost (weakling OpDe)
  3154 | D:4      | Noticed Menkaure
  3171 | D:4      | Killed Menkaure
  3501 | D:5      | Entered Level 5 of the Dungeon
  3707 | D:5      | Found a glowing drain.
  3714 | Sewer    | Entered a sewer
  4242 | Sewer    | Reached XP level 8. HP: 60/64 MP: 8/8
  4769 | D:5      | Found a snail-covered altar of Cheibriados.
  4772 | D:5      | Found a blossoming altar of Fedhas.
  4929 | D:5      | Found a runed translucent gate.
  4929 | D:5      | Noticed Ee's ghost (amateur OgCj)
  4930 | D:5      | Found a runed translucent gate.
  4931 | D:5      | Found a runed translucent gate.
  4931 | D:5      | Identified the +3 plate armour of Okawaru's Indignation
                  | {*Slow rPois rC+}
  5028 | D:5      | Found a basalt altar of Yredelemnul.
  5080 | D:5      | Reached skill level 10 in Short Blades
  5184 | D:5      | Reached XP level 9. HP: 69/73 MP: 9/9
  5205 | D:5      | Reached skill level 5 in Fighting
  5370 | D:5      | Found a roughly hewn altar of Beogh.
  5686 | D:2      | Killed Sigmund
  5897 | D:4      | Killed croobank's ghost
  6071 | D:6      | Found Dytab's Magic Scroll Emporium.
  6414 | D:6      | Found an ancient bone altar of Kikubaaqudgha.
  6843 | D:6      | Bought a scroll of identify for 24 gold pieces
  6843 | D:6      | Bought a scroll of blinking for 90 gold pieces
  6843 | D:6      | Bought a scroll of enchant weapon for 90 gold pieces
  6843 | D:6      | Bought 2 scrolls of poison for 96 gold pieces
  6843 | D:6      | Bought a scroll of vulnerability for 48 gold pieces
  6843 | D:6      | Bought a scroll of silence for 114 gold pieces
  6916 | D:7      | Found a flagged portal.
  6940 | Bailey   | Entered a bailey
  7131 | Bailey   | Reached skill level 5 in Armour
  7134 | Bailey   | Reached XP level 10. HP: 37/83 MP: 10/10
  7542 | Bailey   | Noticed Prince Ribbit
  7542 | Bailey   | Noticed a vault guard
  7661 | D:7      | Found a staircase to the Ecumenical Temple.
  7681 | Temple   | Entered the Ecumenical Temple
  7690 | Temple   | Became a worshipper of Uskayaw the Reveller
  7770 | D:7      | Reached * piety under Uskayaw
  7772 | D:7      | Reached ** piety under Uskayaw
  7917 | D:7      | Found a runed translucent gate.
  7917 | D:7      | Found a runed translucent gate.
  7917 | D:7      | Found a runed translucent gate.
  7921 | D:7      | Noticed booth's ghost (novice DsGl)
  7944 | D:7      | Noticed Duvessa
  7944 | D:7      | Noticed Dowan
  7955 | D:7      | Reached *** piety under Uskayaw
  7956 | D:7      | Killed Duvessa
  7959 | D:7      | Killed Dowan
  8029 | D:7      | Found Ycril's Distillery.
  8053 | D:7      | Found a runed translucent door.
  8054 | D:7      | Noticed Crazy Yiuf
  8062 | D:7      | Killed Crazy Yiuf
  8279 | D:7      | Bought a potion of curing for 39 gold pieces
  8279 | D:7      | Bought a potion of heal wounds for 65 gold pieces
  8279 | D:7      | Bought a potion of degeneration for 13 gold pieces
  8318 | D:8      | Paralysed by a hornet for 1 turns
  8335 | D:8      | Reached **** piety under Uskayaw
  8427 | D:8      | Found a staircase to the Lair.
  8623 | D:8      | Noticed a two-headed ogre
  8635 | D:8      | Killed a two-headed ogre
  8636 | D:8      | Reached skill level 10 in Fighting
  9093 | D:9      | Noticed a centaur warrior
  9165 | D:7      | Bought a potion of heal wounds for 65 gold pieces
  9165 | D:7      | Bought a potion of might for 52 gold pieces
  9165 | D:7      | Bought a potion of flight for 39 gold pieces
  9207 | D:10     | Entered Level 10 of the Dungeon
  9452 | D:10     | Reached skill level 5 in Throwing
  9452 | D:10     | Reached skill level 1 in Invocations
  9452 | D:10     | Reached XP level 11. HP: 94/99 MP: 10/12
  9461 | D:10     | Reached skill level 3 in Invocations
  9463 | D:10     | Reached skill level 4 in Invocations
  9463 | D:10     | Reached ***** piety under Uskayaw
  9464 | D:10     | Reached skill level 5 in Invocations
  9609 | D:10     | Reached skill level 6 in Invocations
  9691 | D:10     | Reached skill level 7 in Invocations
  9907 | D:10     | Noticed a two-headed ogre
  9933 | D:10     | Killed a two-headed ogre
  9934 | D:10     | Reached skill level 8 in Invocations
 10147 | D:10     | Reached skill level 9 in Invocations
 10288 | D:11     | Noticed a green ugly thing
 10291 | D:11     | Killed a green ugly thing
 10324 | D:11     | Noticed a two-headed ogre
 10344 | D:11     | Killed a two-headed ogre
 10345 | D:11     | Reached skill level 10 in Invocations
 10403 | D:11     | Noticed a cyclops
 10424 | D:11     | Killed a cyclops
 10547 | D:11     | Noticed a cyclops
 10580 | D:11     | Killed a cyclops
 10725 | D:11     | Noticed a seven-headed hydra
 10733 | D:11     | Killed a seven-headed hydra
 10787 | D:11     | Noticed a manticore
 10804 | D:11     | Killed a manticore
 11253 | D:11     | Reached XP level 12. HP: 101/106 MP: 19/19
 11343 | D:11     | Noticed a two-headed ogre
 11354 | D:11     | Killed a two-headed ogre
 11745 | D:12     | Reached skill level 1 in Stealth
 11755 | D:12     | Noticed Rupert
 11990 | D:5      | Killed Ee's ghost
 12141 | D:5      | Identified the +0 pair of gloves "Xehich" {Harm rPois Int-4
                  | Dex-3}
 12251 | D:7      | Bought a potion of brilliance for 52 gold pieces
 12260 | D:7      | Identified a scroll of acquirement
 12263 | D:7      | Reached XP level 13. HP: 113/113 MP: 20/20
 12354 | D:7      | Killed booth's ghost
 12480 | D:9      | Found Otonupyt's Specific Store.
 12482 | D:9      | Found Lich's General Store.
 12705 | D:9      | Reached skill level 5 in Stealth
 12918 | D:9      | Found a staircase to the Orcish Mines.
 13098 | D:6      | Bought a scroll of amnesia for 48 gold pieces
 13098 | D:6      | Bought a scroll of identify for 24 gold pieces
 13098 | D:6      | Bought a scroll of identify for 24 gold pieces
 13220 | D:9      | Bought a scroll of teleportation for 42 gold pieces
 13643 | D:12     | HP: 5/113 [cyclops/large rock (8)]
 13772 | D:12     | Noticed Azrael
 13900 | D:12     | Killed Azrael
 14204 | D:12     | Reached skill level 11 in Invocations
 15341 | D:13     | Reached skill level 12 in Invocations
 15626 | D:13     | Reached XP level 14. HP: 117/121 MP: 23/23
 15882 | D:13     | Noticed an ironbound preserver
 15883 | D:13     | Found a gate to the Vaults.
 16032 | D:13     | Killed an ironbound preserver
 16595 | D:13     | Reached skill level 10 in Throwing
 16834 | D:14     | Reached ****** piety under Uskayaw
 17201 | D:14     | Reached skill level 13 in Invocations
 18089 | D:14     | Reached skill level 14 in Invocations
 18851 | D:15     | Entered Level 15 of the Dungeon
 18938 | D:15     | Found a gate leading to a gauntlet.
 19249 | Gauntlet | Entered a Gauntlet
 19249 | Gauntlet | Found a transporter.
 19249 | Gauntlet | Found a transporter.
 19249 | Gauntlet | Found a transporter.
 19270 | Gauntlet | Found a transporter.
 19280 | Gauntlet | Found a transporter.
 19283 | Gauntlet | Found a transporter.
 19293 | Gauntlet | Found a transporter.
 19312 | Gauntlet | Found a transporter.
 19326 | Gauntlet | Found a transporter.
 19329 | Gauntlet | Found a transporter.
 19338 | Gauntlet | Found a transporter.
 19340 | Gauntlet | Found a transporter.
 19482 | Gauntlet | Reached skill level 15 in Invocations
 20119 | Gauntlet | Got the Catalogue of Snow
 21464 | D:15     | Found a staircase to the Depths.
 21866 | D:15     | Reached XP level 15. HP: 69/126 MP: 26/26
 22233 | D:15     | Acquired a manual of Short Blades
 22386 | D:9      | Bought a potion of haste for 140 gold pieces
 22386 | D:9      | Bought a potion of heal wounds for 70 gold pieces
 22487 | D:3      | Bought a crude short sword for 208 gold pieces
 22487 | D:3      | Identified the +2 short sword of Equilibrium {venom, +Blink
                  | Str+3} (You bought it in a shop on level 3 of the Dungeon)
 22629 | Orc:1    | Entered Level 1 of the Orcish Mines
 22629 | Orc:1    | Noticed Snorg
 22649 | D:9      | Killed Snorg
 23448 | Orc:2    | Entered Level 2 of the Orcish Mines
 23759 | Orc:2    | Reached skill level 10 in Armour
 24566 | Orc:2    | Found a staircase to the Elven Halls.
 24889 | Orc:2    | Found Cuesuc's Antique Armour Shoppe.
 24889 | Orc:2    | Found Sonu's Weapon Boutique.
 24891 | Orc:2    | Found Egiohiem's Distillery.
 24893 | Orc:2    | Found Zyilil's Armour Emporium.
 25416 | Orc:2    | Found a bloodstained altar of Trog.
 25508 | Orc:2    | Found a transporter.
 25508 | Orc:2    | Found a transporter.
 25540 | Orc:2    | Found a bloodstained altar of Trog.
 25540 | Orc:2    | Noticed AverageBear's ghost (journeyman DsFi)
 25958 | Orc:2    | Bought a pair of glowing gloves for 285 gold pieces
 25972 | Orc:2    | Bought a potion of haste for 140 gold pieces
 25972 | Orc:2    | Bought a potion of curing for 42 gold pieces
 25972 | Orc:2    | Bought a potion of curing for 42 gold pieces
 25972 | Orc:2    | Bought a potion of curing for 42 gold pieces
 25972 | Orc:2    | Bought a potion of haste for 140 gold pieces
 25972 | Orc:2    | Bought a potion of flight for 42 gold pieces
 26099 | Lair:1   | Entered Level 1 of the Lair of Beasts
 27836 | Lair:1   | Identified the ring of Fetietwo {Wiz Will+}
 28550 | Lair:2   | Found a frozen archway.
 28576 | IceCv    | Entered an ice cave
 29203 | IceCv    | Identified the ring of Xom's Ringing Laughter {Wiz rN+
                  | Str-5 Dex+4 Slay+3}
 29215 | IceCv    | Identified the ring of Buju {rF- rC- Will+ Str+8 Slay+2}
 30041 | Lair:2   | Found a staircase to the Shoals.
 30953 | Lair:3   | Found a staircase to the Snake Pit.
 31928 | Lair:4   | Found a staircase to the Slime Pits.
 32088 | Lair:4   | Found a viscous altar of Jiyva.
 32364 | Lair:4   | Identified the +3 eveningstar "Roysoc" {flame, rN+}
 32784 | Lair:5   | Entered Level 5 of the Lair of Beasts
 32789 | Lair:5   | Reached XP level 16. HP: 143/145 MP: 27/27
 34234 | Lair:5   | Reached skill level 15 in Fighting
 35093 | Lair:5   | Found a corrupted altar of Lugonu.
 35093 | Lair:5   | Found a one-way gate to the infinite horrors of the Abyss.
 35108 | Lair:5   | Identified the ring "Faogecukarch" {*Slow rC+ Int+8 Dex+6
                  | SInv}
 35374 | Shoals:1 | Entered Level 1 of the Shoals
 35811 | D:7      | Bought a potion of haste for 130 gold pieces
 35926 | D:6      | Bought a scroll of enchant weapon for 90 gold pieces
 39972 | Shoals:2 | Found Ucick's Weapon Emporium.
 39972 | Shoals:2 | Found Zyri's Magic Scroll Boutique.
 40139 | Shoals:2 | Bought a scroll of butterflies for 72 gold pieces
 40147 | Shoals:2 | Bought a scroll of immolation for 72 gold pieces
 40147 | Shoals:2 | Bought a scroll of teleportation for 54 gold pieces
 40147 | Shoals:2 | Bought a scroll of teleportation for 54 gold pieces
 40147 | Shoals:2 | Bought a scroll of teleportation for 54 gold pieces
 40147 | Shoals:2 | Bought a scroll of teleportation for 54 gold pieces
 40159 | Shoals:2 | Noticed Ilsuiw
 41732 | Shoals:2 | Found Aneylaet's Weapon Boutique.
 41910 | Shoals:2 | Found Hisavuph's Jewellery Shop.
 42089 | Shoals:3 | Noticed Louise
 43072 | Snake:1  | Entered Level 1 of the Snake Pit
 43489 | Snake:1  | Found Ahuss's CLEARANCE SALE!.
 43494 | Snake:1  | Bought a scroll of teleportation for 18 gold pieces
 43494 | Snake:1  | Bought a scroll of teleportation for 18 gold pieces
 43494 | Snake:1  | Bought a scroll of fear for 24 gold pieces
 44126 | Snake:1  | Reached XP level 17. HP: 152/156 MP: 28/28
 44443 | Snake:1  | Reached skill level 16 in Invocations
 45170 | Snake:2  | Identified the +4 great sword "Raebaech" {spect, Contam
                  | rElec rPois Dex+3}
 45203 | Snake:2  | HP: 7/156 [salamander tyrant (22)]
 46354 | Snake:2  | Reached skill level 17 in Invocations
 46918 | Snake:2  | Found Ciwahita's Book Shoppe.
 46918 | Snake:2  | Found Raxonk's Jewellery Shop.
 46919 | Snake:2  | Found Ylinoan's Jewellery Shop.
 47880 | Snake:1  | Reached skill level 18 in Invocations
 48762 | Snake:3  | Identified the +8 chain mail "Ytrorghei" {rPois Will+ Dex-4
                  | SInv}
 49443 | Snake:3  | Found Guahuy's Neck Hole.
 49486 | Snake:3  | Found Xoimp's Antique Armour Shoppe.
 50354 | Snake:3  | Reached skill level 19 in Invocations
 50997 | Snake:3  | Noticed Vashnia
 52153 | Snake:3  | Killed Vashnia
 52721 | Snake:3  | Reached skill level 20 in Invocations
 53115 | Snake:4  | Entered Level 4 of the Snake Pit
 54791 | Snake:4  | Found a basalt altar of Yredelemnul.
 54995 | Snake:4  | Reached XP level 18. HP: 159/163 MP: 32/32
 55118 | Snake:4  | Reached skill level 1 in Dodging
 57030 | Snake:4  | Reached skill level 5 in Dodging
 60285 | Snake:4  | Got a serpentine rune of Zot
 61061 | Shoals:2 | Found an iron altar of Okawaru.
 61553 | Shoals:2 | Killed Ilsuiw
 61642 | Shoals:2 | Found Ajalen's General Store.
 62739 | Shoals:3 | Reached skill level 10 in Axes
 62915 | Shoals:3 | Killed Louise
 63483 | Shoals:4 | Entered Level 4 of the Shoals
 63884 | Shoals:3 | Reached XP level 19. HP: 120/172 MP: 33/33
 69252 | Shoals:4 | Got a barnacled rune of Zot
 70872 | Orc:2    | Killed AverageBear's ghost
 71325 | Snake:3  | Bought a scarf of resistance for 352 gold pieces
 71652 | D:15     | Gained mutation: You have supernaturally acute eyesight.
                  | (SInv) [mutagenic glow]
 71659 | Depths:1 | Entered Level 1 of the Depths
 72431 | Depths:1 | Found Didyno Jica's Overcharged Wands.
 72599 | Depths:1 | HP: 8/182 [spark wasp (15)]
 73975 | Vaults:1 | Entered Level 1 of the Vaults
 74116 | Vaults:1 | Acquired 1232 gold pieces
 74396 | Shoals:2 | Bought the ring "Culaec" {Fly rElec rC+ Dex+4} for 594 gold
                  | pieces
 74614 | Orc:2    | Bought the +0 pair of boots of the Songs {+Inv MP+9 Int+2
                  | Dex+4} for 750 gold pieces
 76012 | Depths:1 | Found the +1 robe of Vines {NoPotionHeal Regen++++}
 76881 | Depths:1 | Identified the ring of Itsudavosk {Ice rPois Str+5 Int-4
                  | SInv}
 77591 | Depths:1 | Found a gateway to Hell.
 78585 | Depths:2 | Found a one-way gate leading to the halls of Pandemonium.
 78697 | Depths:2 | Noticed a bone dragon
 79220 | Depths:1 | Reached XP level 20. HP: 82/193 MP: 34/34
 80349 | Depths:2 | Killed a bone dragon
 82452 | Depths:2 | Noticed a juggernaut
 85121 | Vaults:1 | Reached skill level 21 in Invocations
 85409 | Vaults:2 | Noticed Aizul
 85425 | Vaults:2 | Killed Aizul
 86284 | Vaults:2 | Reached XP level 21. HP: 163/201 MP: 35/35
 86291 | Vaults:2 | Reached skill level 22 in Invocations
 87202 | Vaults:2 | Reached skill level 5 in Shields
 90058 | Vaults:2 | Reached skill level 10 in Shields
 90661 | Snake:2  | Bought the ring of Berru Zeq {rN+ rCorr Dex-3 SInv} for 433
                  | gold pieces
 91645 | Vaults:3 | Noticed Zenata
 92347 | Vaults:4 | Identified the +9 flail "Uczas" {holy, *Corrode Dex+4
                  | Stlth+}
 92491 | Vaults:4 | Found Naarref's Weapon Shop.
 92498 | Vaults:4 | Found a flickering gateway to a bazaar.
 92516 | Bazaar   | Entered a bazaar
 92516 | Bazaar   | Found Yfoarrae's Jewellery Emporium.
 92516 | Bazaar   | Found Acwiv's Antique Weapon Emporium.
 92614 | Bazaar   | Found Coros's Antique Armour Boutique.
 92633 | Bazaar   | Found Kaymeon's General Store.
 92644 | Bazaar   | Found Jujuizi's Magic Scroll Boutique.
 92707 | Bazaar   | Bought a scroll of blinking for 75 gold pieces
 92726 | Bazaar   | Bought a scroll of poison for 40 gold pieces
 92726 | Bazaar   | Bought a scroll of enchant weapon for 75 gold pieces
 92726 | Bazaar   | Bought a scroll of enchant armour for 75 gold pieces
 92737 | Bazaar   | Bought a scroll of teleportation for 45 gold pieces
 92737 | Bazaar   | Bought a potion of attraction for 45 gold pieces
 92750 | Bazaar   | Bought a scroll of butterflies for 40 gold pieces
 93478 | Vaults:3 | Found Dasehet's Antique Armour Shoppe.
 94855 | Vaults:3 | Reached XP level 22. HP: 189/209 MP: 37/37
 96192 | Vaults:3 | HP: 6/209 [poisoned by a +0 glaive of venom]
 96193 | Vaults:3 | Killed Zenata
 96712 | Vaults:3 | Found a staircase to the Crypt.
 97705 | Vaults:4 | HP: 6/209 [vault warden/+2 halberd of protection (16)]
 97706 | Vaults:4 | Mangled by a vault warden

Illustrated notes

Levels and vault maps discovered:
D:1:      scummos_arrival_checkerplants, layout_rooms
D:2:      layout_basic, roderic_serpentine_path, uniq_sigmund
D:3:      layout_rooms, serial_shops, nicolae_shop_crystal,
          chequers_serial_rivers_micro_b, st_stairs_12
D:4:      layout_loops_ring, ebering_ghost_gozag, grunt_ministairs_10,
          uniq_blork_the_orc, uniq_menkaure, uniq_ijyb
D:5:      layout_rooms, lemuel_mausoleum_altar_yredelemnul,
          nicolae_overflow_squiral, gup_sewer_entry_bubbles,
          biasface_ghost_orc_armoury
D:6:      layout_loops_ring, mainiacjoe_overflow_chevrons, serial_shops,
          nicolae_inconvenience_store
D:7:      layout_cave_pools, minmay_temple_entry_large_hall, enter_bailey_5,
          gammafunk_ghost_split, chequers_serial_rivers_micro_a,
          nicolae_take_the_stairs, uniq_crazy_yiuf_cottage, uniq_duvessa
D:8:      layout_loops_ring, david_lair_shrubbed
D:9:      layout_cave_pools, david_orc_4, nicolae_specific_store,
          minmay_misc_feat_square
D:10:     layout_long_grid, kennysheep_diamond
D:11:     layout_grid_maze, hangedman_abyss_or_decor_stagger
D:12:     layout_basic, chequers_serial_rivers_small_a, uniq_urug, uniq_azrael,
          uniq_rupert
D:13:     layout_roguey [special_room_orc], skrybe_vaults_entry_preservation,
          minmay_joined_circles
D:14:     layout_irregular_city, minmay_misc_feat_more_columns
D:15:     gammafunk_depths_entry_grave, layout_long_grid,
          gauntlet_entry_generic, hangedman_abyss_or_decor_lesser_grid
Temple:   dpeg_three_leaves_temple
Lair:1:   wad_woods_tower, layout_chaotic_city, minmay_lair_oklob_items,
          infiniplex_staircase_pool
Lair:2:   layout_cellular_growth, minmay_shoals_entry_beasts, special_room
          [special_room_bee], portal_ice_cave_entry_imps, minmay_holes
Lair:3:   layout_roguey, guppyfry_snake_entry_garden, serial_bayou_shore_a,
          grunt_megastairs_2
Lair:4:   layout_roguey, minmay_slime_entry_pillars
Lair:5:   hellmonk_lair_end_abyssal_woods, layout_cave_pods
Shoals:1: layout_shoals, st_shoals_ruin
Shoals:2: layout_shoals, serial_shops, shop, nicolae_shop_stone,
          nicolae_shop_advertising_works [nicolae_subvault_shop_adworks], shop,
          shop, lemuel_altar_in_water, abandoned_shop, uniq_ilsuiw
Shoals:3: layout_shoals, uniq_louise
Shoals:4: shoals_end_hangedman, layout_shoals
Snake:1:  layout_gridlike, nicolae_shop_clearance
Snake:2:  layout_onion, nicolae_snake_gridmaze_spiral, grunt_megastairs_1,
          minmay_shop_grove
Snake:3:  layout_onion_interference, serial_shops, shop,
          nicolae_shop_sticking_my_neck_out, uniq_vashnia
Snake:4:  grunt_snake_rune_serpentine_throne, layout_misc_corridors,
          basic_altar, serial_bayou_pond_d, drop_trap, serial_bayou_pond_e,
          st_stairs_11, nicolae_snake_mages_go_home
Orc:1:    layout_caves, uniq_snorg
Orc:2:    st_orc_rangers, layout_caves, gammafunk_ghost_wrathful_warriors,
          basic_altar
Vaults:1: nicolae_vaults_specimen_jars, ontoclasm_vaults_misaligned,
          dpeg_vaults_monster_box, hangedman_vaults_corner_blocks,
          hangedman_vaults_maws, ontoclasm_vaults_hangar, v_misc_8,
          layout_vaults_omnigrid
Vaults:2: v_rooms_4, v_misc_16, nicolae_vaults_network_s,
          vaults_room_fancy_cross, vaults_room_grid, v_misc_15,
          hangedman_vaults_snaps, v_misc_26, vaults_room_door_hall, v_rooms_5,
          layout_vaults_maze_snakey, uniq_aizul
Vaults:3: blue_anna_dwarven_crypt, v_misc_14, nicolae_vaults_an_arrangement,
          v_rooms_3, ontoclasm_vaults_claustrophobia, v_pattern_2, v_rooms_1,
          hangedman_vaults_trim, v_misc_26, vaults_dpeg_ring,
          layout_vaults_big_cross, serial_shops, shop_fountains, uniq_zenata
Vaults:4: nicolae_vaults_diagonal_hallway_7, hangedman_vaults_unwind,
          nicolae_vaults_little_squares_6, hangedman_vaults_nodes,
          nicolae_vaults_little_squares_1, ontoclasm_vaults_ring_large,
          vaults_room_grid, nicolae_vaults_mini_display_case,
          nicolae_vaults_diagonal_hallway_7, ontoclasm_vaults_eye,
          nicolae_vaults_rhombus_5, layout_vaults_chaotic_city, serial_shops,
          bzr_entry_dummy, nicolae_shop_temple_entry_statues_fountains
Depths:1: layout_cave_pools, kennysheep_nondescript, hellmouth_1,
          chequers_serial_rivers_micro_b, amcnicky_mini_corridor_feature,
          nicolae_shop_overcharged_wands
Depths:2: angbandy_vault, layout_long_grid, pan_entry, abyss_entry_crystal,
          minivault_11, grunt_mini_vestibule, minmay_staircase_bubble

Skill      XL: |  1  2  3  4  5  6  7  8  9 10 11 12 13 14 15 16 17 18 19 20 21 22 |
---------------+-------------------------------------------------------------------+-----
Axes           | 3 4 5 6 10 | 10.0
Short Blades   | 2 3 5 7 10 12 13 16 18 20 21 | 21.0
Fighting       | 4 5 10 13 15 20 | 20.0
Armour         | 5 8 10 12 13 14 | 14.0
Throwing       | 5 7 10 12 14 | 14.0
Invocations    | 1 10 12 15 20 21 22 | 22.0
Stealth        | 2 5 |  5.0
Dodging        | 5 6 8 |  8.0
Shields        | 12 13 | 13.5

Action                   |  1- 3 |  4- 6 |  7- 9 | 10-12 | 13-15 | 16-18 | 19-21 | 22-24 || total
-------------------------+-------+-------+-------+-------+-------+-------+-------+-------++-------
Melee: War axe           |    83 |    32 |       |       |     7 |       |       |       ||   122
       Dagger            |       |   100 |   437 |   511 |  1872 |  2307 |  2119 |   178 ||  7524
       Punch             |       |     1 |     6 |     4 |    31 |    39 |    51 |    13 ||   145
       Scimitar          |       |       |       |       |    50 |    44 |       |       ||    94
       Battleaxe         |       |       |       |       |     4 |       |       |       ||     4
       Rapier            |       |       |       |       |       |       |    17 |       ||    17
       Double sword      |       |       |       |       |       |       |     6 |    40 ||    46
Throw: Dart              |       |       |       |    14 |    20 |     3 |       |       ||    37
       Boomerang         |       |       |       |     7 |   234 |   349 |   276 |       ||   866
       Throwing net      |       |       |       |       |     1 |       |       |       ||     1
       Javelin           |       |       |       |       |     3 |       |       |       ||     3
Invok: Line Pass         |       |       |       |       |     5 |     2 |    28 |       ||    35
       Grand Finale      |       |       |       |       |     2 |     2 |    10 |       ||    14
       Stomp             |       |       |       |       |    24 |    11 |    23 |       ||    58
Evoke: Wand              |       |       |       |     9 |    12 |    10 |     1 |       ||    32
       Phial of floods   |       |       |       |       |       |       |     1 |       ||     1
  Use: Potion            |       |     1 |     1 |     1 |     9 |     4 |     2 |     2 ||    20
       Scroll            |       |       |       |    12 |    13 |     5 |    21 |     2 ||    53
 Stab: Paralysed         |       |       |       |    27 |   118 |   153 |   167 |    21 ||   486
       Held in net/web   |       |       |       |       |     2 |       |       |       ||     2
       Confused          |       |       |       |       |     6 |     1 |    18 |       ||    25
       Invisible         |       |       |       |       |     4 |       |       |       ||     4
Armor: Scale mail        |    35 |    51 |    66 |       |       |       |       |       ||   152
       Chain mail        |       |       |     5 |   180 |   270 |   471 |  1096 |    95 ||  2117
       Plate armour      |       |       |       |       |   880 |   602 |       |       ||  1482
Dodge: Dodged            |    38 |    36 |   106 |   139 |   538 |   901 |  1281 |   130 ||  3169
Block: Other             |    19 |    23 |    50 |     9 |       |       |       |       ||   101
       Reflection        |     1 |       |     1 |       |       |       |       |       ||     2
